 Dungeon Crawl Stone Soup version 0.18.1-50-g88ac8fd (webtiles) character file.

788 Gargoyl the Skirmisher (level 7, 0/55 HPs)
             Began as a Demonspawn Abyssal Knight on Sept 28, 2016.
             Was a Believer of Lugonu.
             Slain by an ogre
             ... wielding a +0 giant club
              (19 damage)
             ... on level 4 of the Dungeon.
             The game lasted 00:06:49 (4000 turns).

Gargoyl the Skirmisher (Demonspawn Abyssal Knight)  Turns: 4000, Time: 00:06:50

Health: 0/55       AC: 14    Str: 14    XL:     7   Next: 56%
Magic:  10/10      EV:  6    Int: 13    God:    Lugonu [**....]
Gold:   161        SH:  3    Dex: 12    Spells: 0 memorised, 6 levels left

rFire  . . .     SeeInvis .     a - +1 hand axe
rCold  . . .     Gourm    .     t - +0 chain mail
rNeg   . . .     Faith    .     w - +0 buckler
rPois  .         Spirit   .     (no helmet)
rElec  .         Dismiss  .     (no cloak)
rCorr  .         Reflect  .     (no gloves)
SustAt +         Harm     .     k - +0 pair of boots
MR     +....                    (no amulet)
Stlth  ..........               v - ring of protection from magic
                                f - ring of sustain attributes

@: somewhat resistant to hostile enchantments, extremely unstealthy
A: claws 2, rough black scales 1, powered by pain 1, rot immunity
a: Depart the Abyss, Bend Space, Renounce Religion


You were on level 4 of the Dungeon.
You worshipped Lugonu.
Lugonu was pleased with you.
You were not hungry.

You visited 1 branch of the dungeon, and saw 4 of its levels.
You visited the Abyss 1 time.

You collected 161 gold pieces.

Inventory:

Hand Weapons
 a - a +1 hand axe (weapon)
Missiles
 j - 7 tomahawks of returning (quivered)
Armour
 k - a +0 pair of boots (worn)
 n - a +0 helmet
 t - a +0 chain mail (worn)
 w - a +0 buckler (worn)
Jewellery
 f - a ring of sustain attributes (left claw)
 v - a ring of protection from magic (right claw)
Scrolls
 d - a scroll of identify
 h - 3 scrolls of remove curse
 p - a scroll of recharging {unknown}
 u - a scroll of enchant armour {unknown}
 y - a scroll of enchant weapon {unknown}
Potions
 b - 3 potions of resistance
 e - a potion of might {unknown}
Comestibles
 c - 3 bread rations
 i - 3 meat rations
 m - 3 beef jerkies
 q - a fruit
 x - a slice of pizza


   Skills:
 + Level 4.8 Fighting
 + Level 3.8 Axes
 + Level 0.1 Throwing
 * Level 4.5 Armour
 + Level 2.5 Dodging
 + Level 1.1 Shields
 * Level 4.8 Invocations


You had 6 spell levels left.
You didn't know any spells.

Dungeon Overview and Level Annotations

Branches:
Dungeon (4/15)
 Temple: D:4-7

Altars:
Kikubaaqudgha
Nemelex Xobeh
Yredelemnul


Innate Abilities, Weirdness & Mutations

You have very sharp fingernails.
You are partially covered in rough black scales (AC +4, Dex -1).
You sometimes gain a little power by taking damage.
You are immune to rotting.


Message History

You kill the orc!
Lugonu accepts your kill.
You hit the ogre.
The ogre is severely wounded.
The ogre barely misses you.
Unknown command.
Things that are here:
a trident; a scale mail; an orc corpse The ogre hits you with a giant club.
Items here: )) [[ ††
Things that are here:
a trident; a scale mail; an orc corpse Throwing (i - inventory):
j - 8 tomahawks of returning (quivered)
Press: ? - help, Shift-Dir - straight line, f - ogre
Aim: an ogre, wielding a giant club (severely wounded)
You throw a tomahawk of returning.
The tomahawk of returning completely misses the ogre.
The tomahawk of returning fails to return to your pack!
The ogre hits you with a giant club!!
You die...

*,,,,,,*,,,,,,*,,,,,,#.....#.
*,,...*#...#***..#####.....#.
#.,...##...####..#.......###.
#................#.......+...
#................#.......#...
#...,,...........#.......#...
*...,,*#...#*....#.......#...
###'####...##....#.......#...
#..........O@....#.......+...
#.....##...##....#.......#...
#..>..##...#*....#.......#...
#..........#,....#.......####
#..........#,....#.......#...
######'##...#######.......#...
#.......#...#.............'...
#.......###'#†............#...
#......................)..#...


You could see an ogre.

Vanquished Creatures
  The ghost of Gargoyl the Distorting Demonspawn, an amateur DsAK of Lugonu (D:3)
  Grinder (D:3)
  A phantom (D:4)
  Blork the orc (D:4)
  A howler monkey (D:4)
  A centaur skeleton (D:3)
  2 worker ants (D:4)
  4 adders
  2 oozes
  4 dart slugs
  3 giant geckos
  9 orcs (D:4)
  4 bats (D:1)
  5 giant cockroaches
  5 goblins
  9 hobgoblins
  6 jackals (D:3)
  10 kobolds
  A quokka (D:2)
  A ball python (D:1)
  A giant newt (D:1)
  4 rats
76 creatures vanquished.

Notes
Turn   | Place    | Note
--------------------------------------------------------------
     0 | Abyss:1  | Gargoyl the Demonspawn Abyssal Knight began the quest for the Orb.
     0 | Abyss:1  | Reached XP level 1. HP: 18/18 MP: 2/2
    47 | Abyss:1  | Noticed an ancient zyme
    82 | Abyss:3  | Noticed a ynoxinul
    82 | Abyss:3  | Noticed a thrashing horror
    83 | D:1      | Escaped the Abyss
   123 | D:1      | Reached * piety under Lugonu
   409 | D:1      | Gained mutation: You are partially covered in rough black scales (AC +4, Dex -1). [demonic ancestry]
   409 | D:1      | Reached XP level 2. HP: 20/24 MP: 3/3
   689 | D:1      | Gained mutation: You sometimes gain a little power by taking damage. [demonic ancestry]
   689 | D:1      | Reached XP level 3. HP: 29/29 MP: 5/5
  1012 | D:1      | Reached ** piety under Lugonu
  1164 | D:2      | Found an ancient bone altar of Kikubaaqudgha.
  1183 | D:2      | Found a basalt altar of Yredelemnul.
  1204 | D:2      | Reached skill level 1 in Dodging
  1350 | D:2      | Gained mutation: You have sharp fingernails. [demonic ancestry]
  1350 | D:2      | Reached XP level 4. HP: 22/37 MP: 6/6
  1524 | D:2      | Found a sparkling altar of Nemelex Xobeh.
  1993 | D:3      | Noticed Grinder
  2011 | D:3      | Killed Grinder
  2011 | D:3      | Gained mutation: You are immune to rotting. [demonic ancestry]
  2011 | D:3      | Reached XP level 5. HP: 21/42 MP: 7/7
  2011 | D:3      | Gained mutation: You have very sharp fingernails. [demonic ancestry]
  2011 | D:3      | Reached XP level 6. HP: 24/48 MP: 8/8
  2647 | D:3      | Noticed Gargoyl's ghost (amateur DsAK)
  2678 | D:3      | Gained mutation: You are agile. (Dex +2) [potion of mutation]
  2678 | D:3      | Gained mutation: Your muscles are strong. (Str +2) [potion of mutation]
  2678 | D:3      | Gained mutation: You are frail (-10% HP). [potion of mutation]
  2679 | D:3      | Lost mutation: Your muscles are strong. (Str +2) [potion of mutation]
  2679 | D:3      | Gained mutation: You have a pair of small horns on your head. [potion of mutation]
  2679 | D:3      | Gained mutation: Your magical capacity is low (-10% MP). [potion of mutation]
  2681 | D:3      | Lost mutation: You are agile. (Dex +2) [potion of cure mutation]
  2681 | D:3      | Lost mutation: Your magical capacity is low (-10% MP). [potion of cure mutation]
  2681 | D:3      | Lost mutation: You are frail (-10% HP). [potion of cure mutation]
  2681 | D:3      | Lost mutation: You have a pair of small horns on your head. [potion of cure mutation]
  2747 | D:3      | Killed Gargoyl's ghost
  2747 | D:3      | Reached XP level 7. HP: 15/55 MP: 10/10
  3754 | D:4      | Noticed Blork the orc
  3786 | D:4      | Killed Blork the orc
  3786 | D:4      | Reached skill level 1 in Shields
  4000 | D:4      | Slain by an ogre

Skill      XL: |  1  2  3  4  5  6  7 |
---------------+----------------------+-----
Axes           | 2 3 |  3.8
Armour         | 2 3 4 |  4.5
Invocations    | 3 4 |  4.8
Dodging        | 1 2 |  2.5
Fighting       | 4 |  4.8
Shields        | 1 |  1.1
Throwing       | |  0.1

Action                   |  1- 3 |  4- 6 |  7- 9 || total
-------------------------+-------+-------+-------++-------
Melee: Hand axe          |   134 |   192 |   174 ||   500
Throw: Tomahawk          |       |     3 |     1 ||     4
Invok: Depart the Abyss  |     1 |       |       ||     1
  Use: Scroll            |       |     2 |     4 ||     6
       Potion            |       |     9 |       ||     9
  Eat: Chunk             |     2 |     4 |     5 ||    11
Armor: Ring mail         |    76 |       |       ||    76
       Chain mail        |     8 |   129 |   115 ||   252
Dodge: Dodged            |    74 |    50 |    57 ||   181
Block: Buckler           |       |    24 |    26 ||    50
